 Dungeon Crawl Stone Soup version 0.27-a0-836-gfc908b8576 (webtiles) character file.

Game seed: 5629916557329497462

55 Lanoc the Unweaver (level 3, -7/22 HPs)
             Began as a Deep Elf Abyssal Knight on Apr 1, 2021.
             Was a Follower of Lugonu.
             Mangled by Crazy Yiuf
             ... wielding a +3 quarterstaff of chaos
              (9 damage)
             ... on level 2 of the Dungeon.
             The game lasted 00:02:05 (2700 turns).

Lanoc the Unweaver (Deep Elf Abyssal Knight)        Turns: 2700, Time: 00:02:06

Health: -7/22      AC:  3    Str:  7 (9)  XL:     3   Next: 67%
Magic:  7/7        EV: 11    Int: 14 (17) God:    Lugonu [*.....]
Gold:   116        SH:  3    Dex: 13 (14) Spells: 2/2 levels left

rFire    . . .     SeeInvis .   a - +1 short sword
rCold    . . .     Faith    .   h - +0 buckler
rNeg     . . .     Spirit   .   b - +0 leather armour
rPois    .         Reflect  .   (no helmet)
rElec    .         Harm     .   (no cloak)
rCorr    .         Rampage  .   (no gloves)
Will     .....                  (no boots)
Stlth    +.........             (no amulet)
HPRegen  0.07/turn              (no ring)
MPRegen  0.10/turn              (no ring)

@: no status effects
A: no striking features
a: Renounce Religion, Depart the Abyss


You were on level 2 of the Dungeon.
You worshipped Lugonu.
Lugonu was aware of your devotion.
You visited 1 branch of the dungeon, and saw 2 of its levels.
You visited the Abyss 1 time.

You collected 116 gold pieces.

Inventory:

Hand Weapons
 a - a +1 short sword (weapon)
Armour
 b - a +0 leather armour (worn)
 h - a +0 buckler (worn)
Jewellery
 i - an amulet of magic regeneration
Scrolls
 c - a scroll of summoning {unknown}
 d - 4 scrolls of teleportation {unknown}
 e - 4 scrolls of identify {unknown}
 f - a scroll of magic mapping {unknown}
Potions
 g - a potion of attraction {unknown}


   Skills:
 + Level 2.8 Fighting
 - Level 2.0 Short Blades
 - Level 0.7 Armour
 + Level 3.1 Dodging
 + Level 0.0 Shields
 * Level 3.4 Invocations


You had 2 spell levels left.
You didn't know any spells.
Your spell library was empty.

Dungeon Overview and Level Annotations

Branches:
Dungeon (2/15)

Altars:

Shops:
D:1 :

Annotations:
D:2 Crazy Yiuf


Message History

No target in view!
g - a puce potion You now have 106 gold pieces (gained 3).
Found a buckler.
Found a robe.
You see here a +0 buckler.
h - a +0 buckler You start putting on your armour.
You continue putting on your +0 buckler. x4
You finish putting on your +0 buckler.
Setting a skill training target for Shields at 4.0.
You see here a +0 ring mail.
Found a stone staircase leading up.
There is a stone staircase leading up here.
Found a short sword.
You now have 116 gold pieces (gained 10).
i - an amulet of magic regeneration
d - 4 scrolls labelled ROUTUA XUROPN (gained 1)
You open the door.
Found a mace.
Found a runed translucent door.
Crazy Yiuf waves his quarterstaff at you.
You open the door.
Found 18 stones.
There is an open door here.
There is an open door here.
You see here 18 stones.
You see here 18 stones.
There is an open door here.
Crazy Yiuf shouts!
No reachable target in view!
You open the door. You barely miss Crazy Yiuf.
Crazy Yiuf hits you with a +3 quarterstaff of chaos!
Your shield and leather armour prevent you from hitting Crazy Yiuf.
Crazy Yiuf hits you with a +3 quarterstaff of chaos!
* * * LOW HITPOINT WARNING * * *
Crazy Yiuf freezes you.
* * * LOW HITPOINT WARNING * * *
Crazy Yiuf hits you with a +3 quarterstaff of chaos!
You die...

..........#
.......##.#
.......##.#
#.......### #.......#
........##♣♣♣♣♣
........+...♣.♣♣♣ ###
.............♣..♣#...#
......>.....♣♣♣♣@g...#
........+..♣♣ ♣♣#..)#
........##♣♣ ###
..####### ..####
.....########## ###
..[...........######.#
....#####............#
....#####....#########


You could see Crazy Yiuf.

Vanquished Creatures
  2 adders (D:2)
  5 ball pythons
  4 bats
  8 endoplasms
  3 hobgoblins (D:1)
  3 jackals (D:1)
  A kobold (D:2)
  2 frilled lizards (D:1)
  3 goblins
  4 rats
35 creatures vanquished.

Notes
Turn   | Place    | Note
-------+----------+-------------------------------------------
     0 | Abyss:1  | Lanoc the Deep Elf Abyssal Knight began the quest for the
                  | Orb.
     0 | Abyss:1  | Reached XP level 1. HP: 13/13 MP: 4/4
    50 | Abyss:1  | Noticed a glowing orange brain
    51 | Abyss:1  | Noticed an ancient zyme
    51 | Abyss:1  | Noticed an efreet
    51 | Abyss:1  | Noticed an iron imp
    51 | D:1      | Escaped the Abyss
   198 | D:1      | Reached * piety under Lugonu
   522 | D:1      | Reached XP level 2. HP: 13/18 MP: 5/5
   877 | D:1      | Found Teacs's Book Emporium.
  1474 | D:2      | Reached XP level 3. HP: 15/22 MP: 7/7
  2552 | D:2      | Found a runed translucent door.
  2553 | D:2      | Noticed Crazy Yiuf
  2700 | D:2      | Mangled by Crazy Yiuf

Illustrated notes

Levels and vault maps discovered:
D:1:      amcnicky_arrival_underground_garden, layout_basic, serial_shops, shop
D:2:      layout_basic, uniq_crazy_yiuf_cottage

Skill      XL: |  1  2 |
---------------+-------+-----
Invocations    | 3 |  3.4
Dodging        | 3 |  3.1
Fighting       | |  2.8
Short Blades   | |  2.0
Armour         | |  0.7

Action                   || total
-------------------------++-------
Melee: Short sword       ||   117
Invok: Depart the Abyss  ||     1
  Use: Potion            ||     2
Armor: Leather armour    ||    37
Dodge: Dodged            ||    83

Table legend: (Time is in decaauts)
 A = Elapsed time spent in this place.
 B = Non-inter-level travel time spent in this place.
 C = Inter-level travel time spent in this place.
 D = Time resting spent in this place.
 E = Time spent auto-exploring this place.
 F = Levels seen in this place.
 G = Mean time per level.
                   A        B        C        D        E       F      G
               +--------+--------+--------+--------+--------+-----+--------+
         Total |   2699 |   2670 |     29 |      0 |   2410 |   3 |  899.7 |
       Dungeon |   2648 |   2619 |     29 |      0 |   2361 |   2 | 1324.0 |
         Abyss |     51 |     51 |      0 |      0 |     49 |   1 |   51.0 |
               +--------+--------+--------+--------+--------+-----+--------+

Top non-repeatable levels by time:
     D:1: 1396 daAuts
     D:2: 1251 daAuts
 Abyss:1: 51 daAuts
